BR (22 & UNDER)
INDIAN HILLS VOODOO @ HARTFORD DARTH WHALERS
07/22/2028
 
TOP OF THE 1ST
Indian Hills Voodoo batting - Pitching for Hartford Darth Whalers : RHP Arthur Melton
Pitching: RHP Arthur Melton
Batting: RHB Marvin Kidd 0-0: Called Strike
0-1: Ball
1-1: Foul Ball, location: 2F
1-2: Strikes out swinging
Batting: RHB Bradley Burns 0-0: Called Strike
0-1: Swinging Strike
0-2: Foul Ball, location: 2F
0-2: Foul Ball, location: 2F
0-2: Foul Ball, location: 2F
0-2: Foul Ball, location: 2F
0-2: Ball
1-2: Foul Ball, location: 2F
1-2: Strikes out looking
Batting: RHB Mike Cleveland 0-0: Foul Ball, location: 2F
0-1: Fly out, F5 (Popup, 6S)
Top of the 1st over - 0 run(s), 0 hit(s), 0 error(s), 0 left on base; Indian Hills 0 - Hartford 0
BOTTOM OF THE 1ST
Hartford Darth Whalers batting - Pitching for Indian Hills Voodoo : RHP Octávio Durán
Pitching: RHP Octávio Durán
Batting: RHB Chris Osborn 0-0: Foul Ball, location: 2F
0-1: Ball
1-1: Ball
2-1: Fly out, F8 (Flyball, 89M)
Batting: LHB Pancho Hernández 0-0: Fly out, F4 (Popup, 34)
Batting: RHB Luis Manuel Miranda 0-0: Ball
1-0: Foul Ball, location: 2F
1-1: Called Strike
1-2: Ball
2-2: Ball
3-2: Fly out, F6 (Line Drive, 6)
Bottom of the 1st over - 0 run(s), 0 hit(s), 0 error(s), 0 left on base; Indian Hills 0 - Hartford 0
TOP OF THE 2ND
Indian Hills Voodoo batting - Pitching for Hartford Darth Whalers : RHP Arthur Melton
Batting: LHB Jorge Garza 0-0: Swinging Strike
0-1: Foul Ball, location: 2F
0-2: DOUBLE (Flyball, 7LM)
Batting: RHB Luis Pineda 0-0: Ball
1-0: Called Strike
1-1: Foul Ball, location: 2F
1-2: Foul Ball, location: 2F
1-2: Strikes out swinging
Batting: RHB Ben White 0-0: Ball
1-0: Called Strike
1-1: Foul Ball, location: 2F
1-2: Foul Ball, location: 2F
1-2: Ground out 6-3 (Groundball, 6)
Batting: SHB Cisco Oliva 0-0: Foul Ball, location: 2F
0-1: Called Strike
0-2: Ground out U3 (Groundball, 34)
Top of the 2nd over - 0 run(s), 1 hit(s), 0 error(s), 1 left on base; Indian Hills 0 - Hartford 0
BOTTOM OF THE 2ND
Hartford Darth Whalers batting - Pitching for Indian Hills Voodoo : RHP Octávio Durán
Batting: RHB Raúl Flores 0-0: Called Strike
0-1: Ball
1-1: SINGLE (Groundball, 5L) (infield hit)
Batting: RHB Ryan Thrippleton 0-0: Grounds into double play, 5-4-3 (Groundball, 56)
Batting: RHB Jonathan Holden 0-0: Swinging Strike
0-1: Ball
1-1: Ball
2-1: Ball
3-1: SINGLE (Flyball, 78S)
Batting: RHB Jason Green 0-0: Called Strike
0-1: SINGLE (Groundball, 56) (infield hit)
Jonathan Holden to second
Batting: RHB Lou Hammond 0-0: Ball
1-0: Foul Ball, location: 2F
1-1: Ball
2-1: Ball
3-1: Fly out, F8 (Flyball, 8LM)
Bottom of the 2nd over - 0 run(s), 3 hit(s), 0 error(s), 2 left on base; Indian Hills 0 - Hartford 0
TOP OF THE 3RD
Indian Hills Voodoo batting - Pitching for Hartford Darth Whalers : RHP Arthur Melton
Batting: RHB Greg Williams 0-0: Ground out 3-1 (Groundball, 34)
Batting: RHB Ricardo García 0-0: Swinging Strike
0-1: Foul Ball, location: 2F
0-2: Strikes out looking
Batting: RHB Marvin Kidd 0-0: Ball
1-0: Called Strike
1-1: Foul Ball, location: 2F
1-2: Foul Ball, location: 2F
1-2: Foul Ball, location: 2F
1-2: Ball
2-2: Ground out 5-3 (Groundball, 56S)
Top of the 3rd over - 0 run(s), 0 hit(s), 0 error(s), 0 left on base; Indian Hills 0 - Hartford 0
BOTTOM OF THE 3RD
Hartford Darth Whalers batting - Pitching for Indian Hills Voodoo : RHP Octávio Durán
Batting: LHB Bill Poe 0-0: Called Strike
0-1: Called Strike
0-2: Ground out 4-3 (Groundball, 4)
Batting: RHB Chris Osborn 0-0: Foul Ball, location: 2F
0-1: Ball
1-1: Ball
2-1: Swinging Strike
2-2: Foul Ball, location: 2F
2-2: Fly out, F9 (Flyball, 9S)
Batting: LHB Pancho Hernández 0-0: Foul Ball, location: 2F
0-1: Foul Ball, location: 2F
0-2: Ground out 6-3 (Groundball, 6M)
Bottom of the 3rd over - 0 run(s), 0 hit(s), 0 error(s), 0 left on base; Indian Hills 0 - Hartford 0
TOP OF THE 4TH
Indian Hills Voodoo batting - Pitching for Hartford Darth Whalers : RHP Arthur Melton
Batting: RHB Bradley Burns 0-0: Ball
1-0: Called Strike
1-1: Ball
2-1: Swinging Strike
2-2: Ball
3-2: Strikes out swinging
Batting: RHB Mike Cleveland 0-0: Called Strike
0-1: Ball
1-1: Ground out 6-3 (Groundball, 6)
Batting: LHB Jorge Garza 0-0: Called Strike
0-1: Foul Ball, location: 2F
0-2: Ball
1-2: Fly out, F8 (Flyball, 78M)
Top of the 4th over - 0 run(s), 0 hit(s), 0 error(s), 0 left on base; Indian Hills 0 - Hartford 0
BOTTOM OF THE 4TH
Hartford Darth Whalers batting - Pitching for Indian Hills Voodoo : RHP Octávio Durán
Batting: RHB Luis Manuel Miranda 0-0: Swinging Strike
0-1: Swinging Strike
0-2: Ball
1-2: Ball
2-2: Foul Ball, location: 2F
2-2: Foul Ball, location: 2F
2-2: Foul Ball, location: 2F
2-2: Fly out, F8 (Flyball, 8RM)
Batting: RHB Raúl Flores 0-0: Ball
1-0: Swinging Strike
1-1: Ball
2-1: Ball
3-1: Foul Ball, location: 2F
3-2: Ground out 4-3 (Groundball, 4)
Batting: RHB Ryan Thrippleton 0-0: Ball
1-0: Fly out, F8 (Flyball, 89D)
Bottom of the 4th over - 0 run(s), 0 hit(s), 0 error(s), 0 left on base; Indian Hills 0 - Hartford 0
TOP OF THE 5TH
Indian Hills Voodoo batting - Pitching for Hartford Darth Whalers : RHP Arthur Melton
Batting: RHB Luis Pineda 0-0: Foul Ball, location: 2F
0-1: Ball
1-1: Ball
2-1: Ball
3-1: Foul Ball, location: 2F
3-2: SOLO HOME RUN (Flyball, 7LD), Distance : 361 ft
Batting: RHB Ben White 0-0: Ball
1-0: Called Strike
1-1: Foul Ball, location: 2F
1-2: Fly out, F4 (Popup, 4)
Batting: SHB Cisco Oliva 0-0: SINGLE (Flyball, 89M)
Batting: RHB Greg Williams 0-0: Ball
Cisco Oliva steals 2nd base
1-0: Ball
2-0: Foul Ball, location: 2F
2-1: Swinging Strike
2-2: Strikes out swinging
Batting: RHB Ricardo García 0-0: Ball
Wild Pitch!
Cisco Oliva to third
1-0: Ball
2-0: Ball
3-0: Base on Balls
Batting: RHB Marvin Kidd 0-0: Swinging Strike
0-1: Ball
Wild Pitch!
Cisco Oliva scores
Ricardo García to second
1-1: Ball
2-1: Ball
3-1: Base on Balls
Pitching: LHP Michael Young
Batting: RHB Bradley Burns 0-0: Ball
1-0: Ball
2-0: Ball
3-0: Called Strike
3-1: Base on Balls
Ricardo García to third
Marvin Kidd to second
Batting: RHB Mike Cleveland 0-0: Ball
1-0: Foul Ball, location: 2F
1-1: Ball
Passed Ball!
Ricardo García scores
Marvin Kidd to third
Bradley Burns to second
2-1: Ground out 1-3 (Groundball, 15S)
Top of the 5th over - 3 run(s), 2 hit(s), 0 error(s), 2 left on base; Indian Hills 3 - Hartford 0
BOTTOM OF THE 5TH
Hartford Darth Whalers batting - Pitching for Indian Hills Voodoo : RHP Octávio Durán
Batting: RHB Jonathan Holden 0-0: Called Strike
0-1: Swinging Strike
0-2: Ball
1-2: Strikes out swinging
Batting: RHB Jason Green 0-0: Ball
1-0: Foul Ball, location: 2F
1-1: Bunted foul
1-2: Ball
2-2: SINGLE (Line Drive, 7LM)
Batting: RHB Lou Hammond 0-0: Ball
Jason Green steals 2nd base
1-0: Foul Ball, location: 2F
1-1: Fly out, F4 (Line Drive, 4M)
Batting: LHB Bill Poe 0-0: Swinging Strike
0-1: Ball
1-1: Ball
2-1: Foul Ball, location: 2F
2-2: Fly out, F3 (Line Drive, 34S)
Bottom of the 5th over - 0 run(s), 1 hit(s), 0 error(s), 1 left on base; Indian Hills 3 - Hartford 0
TOP OF THE 6TH
Indian Hills Voodoo batting - Pitching for Hartford Darth Whalers : LHP Michael Young
Batting: LHB Jorge Garza 0-0: Foul Ball, location: 2F
0-1: Ground out 6-3 (Groundball, 6M)
Batting: RHB Luis Pineda 0-0: Called Strike
0-1: Ball
1-1: Swinging Strike
1-2: Strikes out swinging
Batting: RHB Ben White 0-0: Called Strike
0-1: Ball
1-1: Foul Ball, location: 2F
1-2: Foul Ball, location: 2F
1-2: DOUBLE (Line Drive, 3D)
Batting: SHB Cisco Oliva 0-0: Ground out 5-3 (Groundball, 56S)
Top of the 6th over - 0 run(s), 1 hit(s), 0 error(s), 1 left on base; Indian Hills 3 - Hartford 0
BOTTOM OF THE 6TH
Hartford Darth Whalers batting - Pitching for Indian Hills Voodoo : RHP Octávio Durán
Batting: RHB Chris Osborn 0-0: Ground out 5-3 (Groundball, 56)
Batting: LHB Pancho Hernández 0-0: Ball
1-0: Fly out, F8 (Flyball, 8RS)
Batting: RHB Luis Manuel Miranda 0-0: Called Strike
0-1: Ball
1-1: SINGLE (Flyball, 9S)
Pitching: RHP Raúl Martínez
Batting: RHB Raúl Flores 0-0: Ball
1-0: Ball
2-0: Ball
3-0: Called Strike
3-1: Base on Balls
Luis Manuel Miranda to second
Batting: RHB Ryan Thrippleton 0-0: Ball
1-0: Fly out, F9 (Line Drive, 89S)
Bottom of the 6th over - 0 run(s), 1 hit(s), 0 error(s), 2 left on base; Indian Hills 3 - Hartford 0
TOP OF THE 7TH
Indian Hills Voodoo batting - Pitching for Hartford Darth Whalers : LHP Michael Young
Batting: RHB Greg Williams 0-0: Ball
1-0: Ball
2-0: Ball
3-0: Called Strike
3-1: Base on Balls
Batting: RHB Ricardo García 0-0: Ground out 5-3 (Groundball, 56S)
Greg Williams to second
Batting: RHB Marvin Kidd 0-0: Ball
1-0: Ball
2-0: Called Strike
2-1: Called Strike
2-2: Ground out 6-3 (Groundball, 6)
Batting: RHB Bradley Burns 0-0: Ball
1-0: Ball
2-0: Foul Ball, location: 2F
2-1: Foul Ball, location: 2F
2-2: Fly out, F8 (Flyball, 78M)
Top of the 7th over - 0 run(s), 0 hit(s), 0 error(s), 1 left on base; Indian Hills 3 - Hartford 0
BOTTOM OF THE 7TH
Hartford Darth Whalers batting - Pitching for Indian Hills Voodoo : RHP Raúl Martínez
Batting: RHB Jonathan Holden 0-0: Ball
1-0: Foul Ball, location: 2F
1-1: Ball
2-1: Ball
3-1: Ground out 6-3 (Groundball, 56)
Batting: RHB Jason Green 0-0: Ball
1-0: Ball
2-0: Reached on error, E5 (Groundball, 5)
Batting: RHB Lou Hammond 0-0: Ball
1-0: Ball
2-0: Called Strike
2-1: Foul Ball, location: 2F
2-2: Ball
3-2: Base on Balls
Batting: LHB Bill Poe 0-0: Called Strike
0-1: Swinging Strike
0-2: Strikes out swinging
Batting: RHB Chris Osborn 0-0: Called Strike
0-1: Ball
1-1: Ball
2-1: Ground out 1-3 (Groundball, 13S)
Bottom of the 7th over - 0 run(s), 0 hit(s), 1 error(s), 2 left on base; Indian Hills 3 - Hartford 0
TOP OF THE 8TH
Indian Hills Voodoo batting - Pitching for Hartford Darth Whalers : LHP Michael Young
Batting: RHB Mike Cleveland 0-0: Called Strike
0-1: Ball
1-1: Swinging Strike
1-2: Ball
2-2: Foul Ball, location: 2F
2-2: Ball
3-2: Ground out 6-3 (Groundball, 6)
Batting: LHB Jorge Garza 0-0: Ball
1-0: Ball
2-0: Called Strike
2-1: Foul Ball, location: 2F
2-2: DOUBLE (Line Drive, 89M)
Batting: RHB Luis Pineda 0-0: Called Strike
0-1: Foul Ball, location: 2F
0-2: Ground out 6-3 (Groundball, 56)
Batting: RHB Ben White 0-0: Foul Ball, location: 2F
0-1: Ball
1-1: Foul Ball, location: 2F
1-2: Ball
2-2: Fly out, F8 (Flyball, 8LM)
Top of the 8th over - 0 run(s), 1 hit(s), 0 error(s), 1 left on base; Indian Hills 3 - Hartford 0
BOTTOM OF THE 8TH
Hartford Darth Whalers batting - Pitching for Indian Hills Voodoo : RHP Raúl Martínez
Batting: LHB Pancho Hernández 0-0: Called Strike
0-1: Called Strike
0-2: Foul Ball, location: 2F
0-2: Strikes out swinging
Batting: RHB Luis Manuel Miranda 0-0: Swinging Strike
0-1: Ball
1-1: Foul Ball, location: 2F
1-2: Ground out U3 (Groundball, 34S)
Batting: RHB Raúl Flores 0-0: Fly out, F9 (Flyball, 9S)
Bottom of the 8th over - 0 run(s), 0 hit(s), 0 error(s), 0 left on base; Indian Hills 3 - Hartford 0
TOP OF THE 9TH
Indian Hills Voodoo batting - Pitching for Hartford Darth Whalers : LHP Michael Young
Batting: SHB Cisco Oliva 0-0: Ball
1-0: Ball
2-0: Ball
3-0: Called Strike
3-1: Foul Ball, location: 2F
3-2: Foul Ball, location: 2F
3-2: Foul Ball, location: 2F
3-2: Strikes out swinging
Batting: RHB Greg Williams 0-0: Ball
1-0: Called Strike
1-1: Ball
2-1: Swinging Strike
2-2: Ground out U3 (Groundball, 3)
Pitching: RHP John O'Neill
Batting: RHB Ricardo García 0-0: Ball
1-0: Called Strike
1-1: Ball
2-1: Swinging Strike
2-2: Ground out 4-3 (Groundball, 4)
Top of the 9th over - 0 run(s), 0 hit(s), 0 error(s), 0 left on base; Indian Hills 3 - Hartford 0
BOTTOM OF THE 9TH
Hartford Darth Whalers batting - Pitching for Indian Hills Voodoo : RHP Raúl Martínez
Pitching: RHP Johannes Hunsberger
Batting: RHB Ryan Thrippleton 0-0: Called Strike
0-1: Foul Ball, location: 2F
0-2: Strikes out looking
Batting: RHB Jonathan Holden 0-0: Ball
1-0: Foul Ball, location: 2F
1-1: Called Strike
1-2: Ball
2-2: Strikes out swinging
Batting: RHB Jason Green 0-0: Called Strike
0-1: Ball
1-1: Foul Ball, location: 2F
1-2: Strikes out looking
Bottom of the 9th over - 0 run(s), 0 hit(s), 0 error(s), 0 left on base; Indian Hills 3 - Hartford 0
Tuesday, August 8th, 2017 - OOTP Baseball 17.12 Build 75